 Dungeon Crawl Stone Soup version 0.22-a0-369-gc73351f (webtiles) character file.

156 nikopol the Firebug (level 5, -8/28 HPs)
             Began as a Deep Elf Fire Elementalist on Apr 17, 2018.
             Killed from afar by Natasha (11 damage)
             ... with a magic dart
             ... on level 2 of the Dungeon on Apr 24, 2018.
             The game lasted 00:06:46 (2068 turns).

nikopol the Firebug (Deep Elf Fire Elementalist)    Turns: 2068, Time: 00:06:47

Health: -8/28      AC:  3    Str:  7    XL:     5   Next: 15%
Magic:  6/13       EV: 13    Int: 21    God:
Gold:   110        SH:  0    Dex: 15    Spells: 10/13 levels left

rFire    . . .     SeeInvis .   (no weapon)
rCold    . . .     Gourm    .   (no shield)
rNeg     + . .     Faith    .   g - +0 robe {Archmagi}
rPois    .         Spirit   .   (no helmet)
rElec    .         Reflect  .   (no cloak)
rCorr    .         Harm     .   p - +0 pair of gloves
MR       .....                  (no boots)
Stlth    ++........             (no amulet)
HPRegen  0.09/turn              b - ring of positive energy
MPRegen  0.13/turn              j - +2 ring of strength

@: slowed, very slow
A: no striking features
a: no special abilities


You were on level 2 of the Dungeon.
You were not hungry.

You visited 1 branch of the dungeon, and saw 2 of its levels.

You collected 110 gold pieces.

Inventory:

Armour
 a - a +0 robe
 g - a +0 robe of the Archmagi (worn)
 k - a +0 robe of cold resistance
 p - a +0 pair of gloves (worn)
Jewellery
 b - a ring of positive energy (left hand)
 j - a +2 ring of strength (right hand)
Scrolls
 e - 3 scrolls of enchant armour {unknown}
 f - 3 scrolls of identify {unknown}
 h - a scroll of enchant weapon {unknown}
 i - a scroll of blinking {unknown}
 o - a scroll of remove curse {unknown}
Potions
 d - 2 potions of haste {unknown}
 l - 4 potions of curing
 n - a potion of invisibility {unknown}
Comestibles
 c - 6 rations
 m - a chunk of flesh


   Skills:
 + Level 2.7 Dodging
 + Level 3.0 Stealth
 + Level 4.6 Spellcasting
 + Level 2.5 Conjurations
 + Level 4.8 Fire Magic


You had 10 spell levels left.
You knew the following spells:

 Your Spells              Type           Power        Failure   Level  Hunger
a - Flame Tongue          Conj/Fire      ####.        2%          1    None
b - Throw Flame           Conj/Fire      ####..       3%          2    #......


Dungeon Overview and Level Annotations

Branches:
Dungeon (2/15)

Altars:
Qazlal

Annotations:
D:2 Natasha


Message History

The magic dart hits you!
Casting: Flame Tongue (safe; 2% risk of failure)
Confirm with . or Enter, or press ? or * to list all spells.
Aiming: Flame Tongue (safe; 2% risk of failure)
Press: ? - help, Shift-Dir - straight line, f/p - Natasha
Aim: Natasha (moderately wounded)
You feel a surge of power!
The flame tongue hits Natasha.
Natasha is moderately wounded.
Natasha claws you.
* * * LOW HITPOINT WARNING * * *
Casting: Flame Tongue (safe; 2% risk of failure)
Confirm with . or Enter, or press ? or * to list all spells.
Aiming: Flame Tongue (safe; 2% risk of failure)
Press: ? - help, Shift-Dir - straight line, f/p - Natasha
Aim: Natasha (moderately wounded)
You feel a surge of power!
The flame tongue hits Natasha.
Natasha is severely wounded.
Natasha casts a spell at you. The magic dart hits you!
You die...

### #........P≈≈♣♣♣PP.##
#.####h.P≈≈≈P♣≈≈≈## #.#
##....P≈≈≈≈PP# #.#
#.......PPP.# #.#
#.#...##...## #.#
#.##.###..## #.# #.##.# #.##
#######.###.#..###.#######
........<.......@h...))).#
#######.###........#####.#
#.# ###..##### #.########
#.# #..# #......... ### #..#
#########. #### #. ♣♣♣ #.
..♣♣ ♣♣♣♣♣♣ ♣♣♣♣♣♣ ##
♣..♣♣♣♣♣♣♣....♣♣♣♣♣♣♣....♣♣♣
#


You could see Natasha.

Vanquished Creatures
  Jessica (D:2)
  Natasha (twice) (D:2)
  3 gnolls (D:2)
  An ooze (D:1)
  A dart slug (D:2)
  3 leopard geckos
  2 ball pythons (D:2)
  3 giant cockroaches
  4 goblins
  8 hobgoblins
  3 kobolds
  4 bats
  2 frilled lizards
  9 rats
46 creatures vanquished.

Notes
Turn   | Place    | Note
-------+----------+-------------------------------------------
     0 | D:1      | nikopol the Deep Elf Fire Elementalist began the quest for the Orb.
     0 | D:1      | Reached XP level 1. HP: 10/10 MP: 6/6
   360 | D:1      | Reached XP level 2. HP: 15/15 MP: 6/8
   865 | D:1      | Upgraded the game from 0.22-a0-355-g201945f to 0.22-a0-369-gc73351f
   948 | D:2      | Reached XP level 3. HP: 15/19 MP: 6/9
   950 | D:2      | Noticed Jessica
   952 | D:2      | Learned a level 2 spell: Throw Flame
   952 | D:2      | Killed Jessica
  1069 | D:2      | Reached XP level 4. HP: 24/24 MP: 7/11
  1350 | D:2      | Found a stormy altar of Qazlal.
  1796 | D:2      | Noticed Natasha
  1803 | D:2      | Killed Natasha
  2053 | D:2      | Noticed Natasha
  2057 | D:2      | Killed Natasha
  2057 | D:2      | Reached XP level 5. HP: 12/28 MP: 7/13
  2061 | D:2      | Noticed Natasha
  2068 | D:2      | Killed from afar by Natasha

Vault maps used:
D:1:      saegor_arrival_simple_a
D:2:      kb_forest_paths, lemuel_doored_altar, serial_bayou,
          serial_bayou_pond_e, serial_bayou_pond_c, serial_bayou_pond_c,
          minmay_misc_feat_enclosed, uniq_natasha, uniq_jessica

Skill      XL: |  1  2  3  4 |
---------------+-------------+-----
Fire Magic     | 4 |  4.8
Stealth        | 3 |  3.0
Conjurations   | 2 |  2.5
Spellcasting   | 4 |  4.6
Dodging        | |  2.7

Action                   |  1- 3 |  4- 6 || total
-------------------------+-------+-------++-------
 Cast: Flame Tongue      |    50 |    46 ||    96
  Eat: Chunk             |       |     3 ||     3
Armor: Robe              |     2 |     2 ||     4
Dodge: Dodged            |     5 |     2 ||     7

Table legend:
 A = Spawn XP
 B = Non-spawn XP
 C = Spawn XP percentage of total XP
 D = Spawn monster count
 E = Non-spawn monster count
 F = Spawn count percentage of total count
 G = Total turns spent on level
                    A         B        C        D         E        F      G
               +---------+---------+-------+---------+---------+-------+---------
         Total |       0 |     224 |   0.0 |       0 |      46 |   0.0 |  2068
               +---------+---------+-------+---------+---------+-------+---------
           D:1 |       0 |      40 |   0.0 |       0 |      20 |   0.0 |   946
           D:2 |       0 |     184 |   0.0 |       0 |      26 |   0.0 |  1122
               +---------+---------+-------+---------+---------+-------+---------
